[Event "LJ Slovak Open 2022"]
[Site "Liptovsky Jan"]
[Date "2022.06.26"]
[Round "6.25"]
[White "Gajdosik, Marian"]
[Black "Saravanan Durga"]
[Result "0-1"]
[ECO "B51"]
[WhiteElo "1902"]
[BlackElo "1660"]
[Annotator "NA RC"]
[PlyCount "106"]
[EventDate "2022.06.23"]
[EventType "swiss"]
[EventCountry "SVK"]
[SourceTitle "playchess.com"]
[Source "ChessBase"]
[SourceQuality "1"]
[TimeControl "3600+30"]

1. e4 c5 2. Nf3 d6 3. Bb5+ Nd7 4. c3 Ngf6 5. d3 a6 6. Ba4 b5 7. Bc2 Bb7 8. Nbd2 g6 9. O-O Bg7 10. Re1 O-O 11. Nf1 Qc7 12. Ng3 Rac8 13. a4 b4 14. cxb4 cxb4 15. Bb3 Nc5 16. Bc4 e6 17. Bf4 Qc6 18. Nd4 Qd7 19. Nb3 d5 20. Nxc5 Rxc5 21. exd5 Nxd5 22. Be5 Nb6 23. Bxg7 Kxg7 24. Ne4 Rcc8 25. b3 Rfd8 26. Qe2 Nxc4 27. dxc4 Qd4 28. Ng3 Qc3 29. Qe5+ Qxe5 30. Rxe5 Rd3 31. Re3 Rxe3 32. fxe3 Rd8 33. e4 Rd3 34. Rb1 h5 35. Rb2 h4 36. Nf1 Bxe4 37. Kf2 h3 38. g3 Rf3+ 39. Ke2 Rc3 40. Kd2 f5 41. Ne3 Kf6 42. Nc2 Bxc2 43. Rxc2 Rxb3 44. c5 Ke7 45. c6 Kd8 46. c7+ Kc8 47. Rc6 Rb2+ 48. Kd3 Rxh2 49. Rxe6 b3 50. Rxa6 b2 51. Rb6 Kxc7 52. Rb4 Rg2 53. Kc4 h2 0-1

[Event "LJ Slovak Open 2022"]
[Site "Liptovsky Jan"]
[Date "2022.06.26"]
[Round "6.26"]
[White "Stric, Dusan"]
[Black "Sokolovsky, Jakub"]
[Result "0-1"]
[ECO "A22"]
[WhiteElo "2021"]
[BlackElo "1613"]
[Annotator "NA RC"]
[PlyCount "106"]
[EventDate "2022.06.23"]
[EventType "swiss"]
[EventCountry "SVK"]
[SourceTitle "playchess.com"]
[Source "ChessBase"]
[SourceQuality "1"]
[TimeControl "3600+30"]

1. c4 e5 2. Nc3 Nf6 3. g3 Bb4 4. e3 O-O 5. Nge2 d6 6. Bg2 Nc6 7. O-O Bg4 8. f3 Bh5 9. b3 Re8 10. Bb2 a5 11. h3 Bxc3 12. Bxc3 h6 13. e4 Nb4 14. a3 Nc6 15. Qc2 Qe7 16. d4 exd4 17. Nxd4 Nxd4 18. Bxd4 Bg6 19. Qd2 Nd7 20. Rae1 Nc5 21. Qc3 f6 22. Re2 a4 23. b4 Nb3 24. Bf2 c6 25. f4 d5 26. e5 dxc4 27. Qxc4+ Bf7 28. Qc2 Rad8 29. Rfe1 fxe5 30. Rxe5 Qd6 31. Rxe8+ Rxe8 32. Rd1 Qe6 33. Bf1 Kh8 34. f5 Qe7 35. g4 Qg5 36. Rd7 Kg8 37. Rxb7 Bd5 38. Qc3 h5 39. Qg3 hxg4 40. hxg4 Nd2 41. Bg2 Bxg2 42. Kxg2 Ne4 43. Qh4 Qf4 44. Rxg7+ Kxg7 45. Bd4+ Kf8 46. Qh8+ Ke7 47. Qg7+ Kd8 48. Bb6+ Kc8 49. f6 Qg3+ 50. Kh1 Qf3+ 51. Kg1 Qg3+ 52. Kh1 Nf2+ 53. Bxf2 Qxf2 0-1

[Event "LJ Slovak Open 2022"]
[Site "Liptovsky Jan"]
[Date "2022.06.26"]
[Round "6.27"]
[White "Magda, Filip"]
[Black "Korenova, Simona"]
[Result "0-1"]
[ECO "E01"]
[WhiteElo "1624"]
[BlackElo "1895"]
[Annotator "NA RC"]
[PlyCount "80"]
[EventDate "2022.06.23"]
[EventType "swiss"]
[EventCountry "SVK"]
[SourceTitle "playchess.com"]
[Source "ChessBase"]
[SourceQuality "1"]
[TimeControl "3600+30"]

1. d4 d5 2. Nf3 Nf6 3. c4 c6 4. g3 e6 5. Bg2 Nbd7 6. O-O Bd6 7. Nc3 O-O 8. Nd2 dxc4 9. Nxc4 Nb6 10. Nxd6 Qxd6 11. e4 e5 12. d5 h6 13. b3 cxd5 14. exd5 Rd8 15. Bb2 Nbxd5 16. Qe2 Nxc3 17. Bxc3 Re8 18. Rfd1 Qc5 19. Rac1 Bg4 20. Bf3 Bxf3 21. Qxf3 Qe7 22. Re1 Rac8 23. Qe2 Nd7 24. Qe3 b6 25. f4 e4 26. Qd4 Nf6 27. Bb4 Qe6 28. Ba3 Rcd8 29. Qe3 Qh3 30. Red1 Rxd1+ 31. Rxd1 Qxh2+ 32. Kxh2 Ng4+ 33. Kg1 Nxe3 34. Rd2 Nf5 35. Kg2 e3 36. Rd1 e2 37. Re1 Nd4 38. Kf2 Nc2 39. Rxe2 Rxe2+ 40. Kxe2 Nxa3 0-1

[Event "LJ Slovak Open 2022"]
[Site "Liptovsky Jan"]
[Date "2022.06.26"]
[Round "6.28"]
[White "Mydliar, Jan"]
[Black "Kaminsky, Ladislav"]
[Result "1-0"]
[ECO "B04"]
[WhiteElo "1885"]
[BlackElo "1615"]
[Annotator "NA RC"]
[PlyCount "85"]
[EventDate "2022.06.23"]
[EventType "swiss"]
[EventCountry "SVK"]
[SourceTitle "playchess.com"]
[Source "ChessBase"]
[SourceQuality "1"]
[TimeControl "3600+30"]

1. e4 Nc6 2. Nf3 Nf6 3. e5 Nd5 4. c4 Nb6 5. d4 d6 6. exd6 exd6 7. Be2 g6 8. Bg5 Be7 9. Bh6 Bf6 10. h3 Bf5 11. Nc3 Qd7 12. g4 Bxg4 13. hxg4 Qxg4 14. Rg1 Qh5 15. Bg5 Bxg5 16. Nxg5 Qh2 17. Nf3 Qf4 18. Qd2 Qxd2+ 19. Kxd2 O-O-O 20. Rae1 Na5 21. b3 Nc6 22. d5 Ne5 23. Ng5 h6 24. Nh3 g5 25. f4 gxf4 26. Nxf4 Rhg8 27. Rxg8 Rxg8 28. Rh1 Ng4 29. Bxg4+ Rxg4 30. Nce2 Nd7 31. Rxh6 Ne5 32. Rh3 a6 33. Nd3 Rg5 34. Nxe5 dxe5 35. Rh8+ Kd7 36. Rh7 Rf5 37. Rg7 Kd6 38. Ke3 c6 39. Nc3 b5 40. Ne4+ Kd7 41. d6 Ke6 42. c5 Rf1 43. Ng5+ 1-0

[Event "LJ Slovak Open 2022"]
[Site "Liptovsky Jan"]
[Date "2022.06.26"]
[Round "6.29"]
[White "Haasova, Timea"]
[Black "Sekova, Olivia"]
[Result "1-0"]
[ECO "D05"]
[WhiteElo "1811"]
[BlackElo "1708"]
[Annotator "NA RC"]
[PlyCount "149"]
[EventDate "2022.06.23"]
[EventType "swiss"]
[EventCountry "SVK"]
[SourceTitle "playchess.com"]
[Source "ChessBase"]
[SourceQuality "1"]
[TimeControl "3600+30"]

1. d4 Nf6 2. Nf3 e6 3. e3 d5 4. Bd3 c5 5. c3 Be7 6. O-O O-O 7. Nbd2 b6 8. dxc5 bxc5 9. e4 Bb7 10. Qe2 Nc6 11. Re1 Qc7 12. exd5 exd5 13. Nf1 Rfe8 14. Bg5 Bd6 15. Qd2 Ne4 16. Qc1 c4 17. Bc2 Bc5 18. Be3 Ne5 19. Nxe5 Rxe5 20. Bxe4 Rxe4 21. Bxc5 Rxe1 22. Qxe1 Qxc5 23. Qe5 Qc6 24. Qd4 Re8 25. Rd1 h6 26. Ng3 Qb5 27. Nf5 f6 28. Nd6 Qd7 29. Nxe8 Qxe8 30. Qd2 Qe4 31. Re1 Qd3 32. Qf4 Bc6 33. h3 Bd7 34. Qb8+ Kh7 35. Qc7 Ba4 36. Re7 Qg6 37. Qg3 a6 38. Qxg6+ Kxg6 39. Re6 Kf5 40. Re7 g6 41. f3 h5 42. Kf2 h4 43. Ke3 g5 44. Rb7 Bb5 45. Rb6 Ke5 46. a4 Bxa4 47. Rxa6 Bb5 48. Rb6 Ba4 49. Kf2 Kf5 50. g3 hxg3+ 51. Kxg3 Bc2 52. Rd6 Ke5 53. Rd8 Bg6 54. h4 gxh4+ 55. Kxh4 Bd3 56. Kh5 Ke6 57. Kh6 Ke5 58. Kg7 f5 59. Kg6 Kf4 60. Rxd5 Kxf3 61. Kg5 Ke2 62. Rxf5 Kd1 63. Rb5 Kc2 64. Kf4 Bg6 65. Ke3 Bd3 66. Kd4 Bf1 67. Rb4 Be2 68. Rxc4 Kxb2 69. Rb4+ Ka3 70. Rb8 Ka4 71. c4 Ka5 72. c5 Ka6 73. Kd5 Ka7 74. Rb2 Bf3+ 75. Kd6 1-0

[Event "LJ Slovak Open 2022"]
[Site "Liptovsky Jan"]
[Date "2022.06.26"]
[Round "6.30"]
[White "Koren, Juraj"]
[Black "Vastik, Lukas"]
[Result "0-1"]
[ECO "C37"]
[WhiteElo "1506"]
[BlackElo "1738"]
[Annotator "NA RC"]
[PlyCount "50"]
[EventDate "2022.06.23"]
[EventType "swiss"]
[EventCountry "SVK"]
[SourceTitle "playchess.com"]
[Source "ChessBase"]
[SourceQuality "1"]
[TimeControl "3600+30"]

1. e4 e5 2. f4 exf4 3. Nf3 g5 4. h3 Qe7 5. d3 Bg7 6. c3 Nh6 7. Nh2 Nf5 8. Be2 Ng3 9. Rg1 d5 10. Nd2 dxe4 11. dxe4 Nc6 12. Qc2 Nxe2 13. Kxe2 Bd7 14. Re1 O-O-O 15. Kf1 Ne5 16. Ndf3 Bb5+ 17. Kg1 Nd3 18. Re2 Nxc1 19. Rxc1 Bxe2 20. Qxe2 Qc5+ 21. Kh1 h5 22. Nf1 g4 23. Nh4 Bf6 24. Nf5 Rde8 25. Rd1 Qxf5 0-1

[Event "LJ Slovak Open 2022"]
[Site "Liptovsky Jan"]
[Date "2022.06.26"]
[Round "6.31"]
[White "Zeman, Jan"]
[Black "Straka, Simon"]
[Result "1/2-1/2"]
[ECO "C44"]
[WhiteElo "1726"]
[BlackElo "1523"]
[Annotator "NA RC"]
[PlyCount "27"]
[EventDate "2022.06.23"]
[EventType "swiss"]
[EventCountry "SVK"]
[SourceTitle "playchess.com"]
[Source "ChessBase"]
[SourceQuality "1"]
[TimeControl "3600+30"]

1. e4 e5 2. Nf3 Nc6 3. c3 Nf6 4. d3 d5 5. exd5 Qxd5 6. Be2 Bg4 7. O-O Be7 8. b4 a6 9. a4 O-O 10. Be3 e4 11. dxe4 Qxe4 12. Nbd2 Qd5 13. Bc4 Bf5 14. Qc2 1/2-1/2

[Event "LJ Slovak Open 2022"]
[Site "Liptovsky Jan"]
[Date "2022.06.26"]
[Round "6.32"]
[White "Livnansky, Michal"]
[Black "Volek, Jan"]
[Result "0-1"]
[ECO "A41"]
[WhiteElo "1279"]
[BlackElo "1687"]
[Annotator "NA RC"]
[PlyCount "84"]
[EventDate "2022.06.23"]
[EventType "swiss"]
[EventCountry "SVK"]
[SourceTitle "playchess.com"]
[Source "ChessBase"]
[SourceQuality "1"]
[TimeControl "3600+30"]

1. d4 g6 2. Nf3 Bg7 3. Bf4 d6 4. e3 c5 5. Bb5+ Bd7 6. Bxd7+ Nxd7 7. c3 cxd4 8. exd4 Ngf6 9. O-O O-O 10. Nbd2 Nh5 11. Be3 Nb6 12. Qc2 Nd5 13. Qe4 Nhf6 14. Qc2 Nxe3 15. fxe3 Re8 16. e4 e5 17. d5 Ng4 18. Qb3 Bh6 19. Nc4 Qc7 20. Qb4 a5 21. Qb5 Rec8 22. Ncd2 Be3+ 23. Kh1 Nf2+ 24. Rxf2 Bxf2 25. Rf1 Be3 26. Qe2 Bxd2 27. Qxd2 f6 28. Qh6 Qg7 29. Qh3 Re8 30. g4 g5 31. Nd2 b5 32. Rf5 b4 33. Nc4 bxc3 34. bxc3 Qe7 35. Qd3 a4 36. Rf3 a3 37. Ne3 Rab8 38. Nf5 Qf8 39. Qa6 Red8 40. Qxa3 Ra8 41. Qb3 Rdb8 42. Qc4 Rb2 0-1

[Event "LJ Slovak Open 2022"]
[Site "Liptovsky Jan"]
[Date "2022.06.26"]
[Round "6.33"]
[White "Hudak, Michal"]
[Black "Ciglian, Michal"]
[Result "1-0"]
[ECO "B13"]
[WhiteElo "1169"]
[BlackElo "1704"]
[Annotator "NA RC"]
[PlyCount "63"]
[EventDate "2022.06.23"]
[EventType "swiss"]
[EventCountry "SVK"]
[SourceTitle "playchess.com"]
[Source "ChessBase"]
[SourceQuality "1"]
[TimeControl "3600+30"]

1. d4 c6 2. e4 d5 3. exd5 cxd5 4. Nf3 Nc6 5. c4 Bg4 6. Be3 Nf6 7. c5 e6 8. Bd3 Be7 9. a3 O-O 10. Nc3 b6 11. b4 bxc5 12. bxc5 Qa5 13. Qd2 a6 14. h3 Bh5 15. Bf4 Bxf3 16. gxf3 Nxd4 17. Bxh7+ Nxh7 18. Qxd4 Qxc5 19. Qd3 Bf6 20. Bd2 Rac8 21. Rc1 Qxa3 22. Ke2 Qd6 23. Rhg1 Qe5+ 24. Kf1 Qh2 25. f4 d4 26. Ne4 Rxc1+ 27. Bxc1 Rc8 28. Bd2 Rc3 29. Nxc3 dxc3 30. Bc1 Bh4 31. Qf3 Nf6 32. Rh1 1-0

[Event "LJ Slovak Open 2022"]
[Site "Liptovsky Jan"]
[Date "2022.06.26"]
[Round "6.34"]
[White "Janouskova, Eliska"]
[Black "Staron, Ladislav"]
[Result "1/2-1/2"]
[ECO "B21"]
[WhiteElo "1167"]
[BlackElo "1695"]
[Annotator "NA RC"]
[PlyCount "44"]
[EventDate "2022.06.23"]
[EventType "swiss"]
[EventCountry "SVK"]
[SourceTitle "playchess.com"]
[Source "ChessBase"]
[SourceQuality "1"]
[TimeControl "3600+30"]

1. e4 c5 2. d4 cxd4 3. c3 dxc3 4. Nxc3 d6 5. Bc4 e6 6. Nf3 Qc7 7. Bb3 a6 8. a4 b6 9. O-O Be7 10. Be3 Nf6 11. Re1 O-O 12. Qe2 h6 13. Rad1 Bb7 14. Qd3 Nbd7 15. Bc2 Ne5 16. Nxe5 dxe5 17. h3 Rad8 18. Qe2 Rxd1 19. Rxd1 Rd8 20. Kh1 Rxd1+ 21. Qxd1 Qc6 22. f3 Qc7 1/2-1/2

[Event "LJ Slovak Open 2022"]
[Site "Liptovsky Jan"]
[Date "2022.06.26"]
[Round "6.35"]
[White "Petrik, Matus"]
[Black "Ropovik, Samuel"]
[Result "0-1"]
[ECO "A21"]
[WhiteElo "1684"]
[BlackElo "1453"]
[Annotator "NA RC"]
[PlyCount "54"]
[EventDate "2022.06.23"]
[EventType "swiss"]
[EventCountry "SVK"]
[SourceTitle "playchess.com"]
[Source "ChessBase"]
[SourceQuality "1"]
[TimeControl "3600+30"]

1. c4 e5 2. Nc3 Bb4 3. Nd5 Be7 4. Nxe7 Qxe7 5. d3 Nc6 6. Nf3 f5 7. Bg5 Nf6 8. g3 d6 9. Bg2 O-O 10. O-O Bd7 11. Bd2 Qf7 12. Ng5 Qh5 13. Bf3 Qg6 14. Bg2 h6 15. Nf3 Qh5 16. Bc3 f4 17. e3 Bh3 18. Nh4 Bg4 19. Bf3 g5 20. Bxg4 Nxg4 21. h3 gxh4 22. Qxg4+ Qxg4 23. hxg4 hxg3 24. fxg3 fxe3 25. Rae1 Rxf1+ 26. Kxf1 Rf8+ 27. Ke2 Nd4+ 0-1

[Event "LJ Slovak Open 2022"]
[Site "Liptovsky Jan"]
[Date "2022.06.26"]
[Round "6.36"]
[White "Vastik, Tomas"]
[Black "Recky, Norbert"]
[Result "1/2-1/2"]
[ECO "B90"]
[WhiteElo "1457"]
[BlackElo "1755"]
[Annotator "NA RC"]
[PlyCount "77"]
[EventDate "2022.06.23"]
[EventType "swiss"]
[EventCountry "SVK"]
[SourceTitle "playchess.com"]
[Source "ChessBase"]
[SourceQuality "1"]
[TimeControl "3600+30"]

1. e4 c5 2. Nf3 d6 3. d4 cxd4 4. Nxd4 Nf6 5. Nc3 a6 6. h3 e5 7. Nf3 Be6 8. Be2 Be7 9. O-O O-O 10. Bg5 Nbd7 11. Qd2 Rc8 12. a3 Rc5 13. Rfd1 d5 14. b4 Rxc3 15. Qxc3 Nxe4 16. Bxe7 Nxc3 17. Bxd8 Nxe2+ 18. Kf1 Nc3 19. Bg5 Nxd1 20. Rxd1 Rc8 21. Rc1 f6 22. Bd2 b5 23. c3 Nb6 24. Ke1 Kf7 25. Be3 Na4 26. Kd2 g5 27. g4 h5 28. gxh5 Rh8 29. h6 Rxh6 30. h4 Rh5 31. hxg5 Bg4 32. Ne1 fxg5 33. Nd3 Kf6 34. Nc5 Nxc5 35. bxc5 Bd7 36. Rg1 g4 37. c6 Bc8 38. c7 Ke7 39. Bc5+ 1/2-1/2

[Event "LJ Slovak Open 2022"]
[Site "Liptovsky Jan"]
[Date "2022.06.26"]
[Round "6.37"]
[White "Lacko, Stanislav"]
[Black "Subjakova, Kristina"]
[Result "0-1"]
[ECO "C30"]
[WhiteElo "1462"]
[BlackElo "1623"]
[Annotator "NA RC"]
[PlyCount "46"]
[EventDate "2022.06.23"]
[EventType "swiss"]
[EventCountry "SVK"]
[SourceTitle "playchess.com"]
[Source "ChessBase"]
[SourceQuality "1"]
[TimeControl "3600+30"]

1. e4 e5 2. Nc3 Nf6 3. f4 d6 4. Nf3 Bg4 5. Bc4 a6 6. d3 Nc6 7. Be3 Be7 8. O-O O-O 9. Qd2 Bxf3 10. Rxf3 Ng4 11. Nd5 Nxe3 12. Nxe7+ Qxe7 13. Qxe3 Na5 14. Bb3 Nxb3 15. axb3 f5 16. Raf1 exf4 17. Rxf4 fxe4 18. Rxe4 Rxf1+ 19. Kxf1 Rf8+ 20. Ke2 Qf6 21. Re8 Qf1+ 22. Kd2 Qxg2+ 23. Kc3 Qc6+ 0-1

[Event "LJ Slovak Open 2022"]
[Site "Liptovsky Jan"]
[Date "2022.06.26"]
[Round "6.38"]
[White "Marcek, Jan"]
[Black "Stefanides, Karol"]
[Result "1-0"]
[ECO "B28"]
[WhiteElo "1588"]
[BlackElo "1438"]
[Annotator "NA RC"]
[PlyCount "50"]
[EventDate "2022.06.23"]
[EventType "swiss"]
[EventCountry "SVK"]
[SourceTitle "playchess.com"]
[Source "ChessBase"]
[SourceQuality "1"]
[TimeControl "3600+30"]

1. e4 c5 2. Nf3 a6 3. c3 d6 4. Be2 Nf6 5. d3 g6 6. h3 Bg7 7. Be3 b6 8. Nbd2 Bb7 9. O-O O-O 10. Nh2 Nc6 11. f4 e6 12. Qe1 Nd7 13. Qg3 f5 14. Nc4 Qe7 15. Nf3 b5 16. Ncd2 Qe8 17. Kf2 e5 18. Rh1 fxe4 19. Nxe4 exf4 20. Bxf4 Be5 21. Bxe5 Ndxe5 22. Nxd6 Qe7 23. Nxb7 Qxb7 24. Rhf1 Qe7 25. Rad1 Nxf3 1-0

[Event "LJ Slovak Open 2022"]
[Site "Liptovsky Jan"]
[Date "2022.06.26"]
[Round "6.39"]
[White "Pisarcik, Richard"]
[Black "Carnecka, Stella"]
[Result "1-0"]
[ECO "B22"]
[WhiteElo "1343"]
[BlackElo "1648"]
[Annotator "NA RC"]
[PlyCount "99"]
[EventDate "2022.06.23"]
[EventType "swiss"]
[EventCountry "SVK"]
[SourceTitle "playchess.com"]
[Source "ChessBase"]
[SourceQuality "1"]
[TimeControl "3600+30"]

1. e4 c5 2. Nf3 Nc6 3. c3 g6 4. d4 cxd4 5. cxd4 Bg7 6. Nc3 d6 7. Be3 a6 8. Be2 e6 9. Qd2 Bd7 10. a4 Na5 11. Qc2 Rc8 12. O-O Nf6 13. Bg5 h6 14. Bf4 Bc6 15. Bd3 b5 16. axb5 Bxb5 17. Bxd6 Qxd6 18. Nxb5 axb5 19. Qxc8+ Ke7 20. Qc5 Qxc5 21. dxc5 Nb3 22. Ra7+ Kd8 23. Bxb5 Nxe4 24. Rd1+ Kc8 25. c6 Nec5 26. Ra8+ Kc7 27. Rxh8 Bxh8 28. Bc4 Kxc6 29. Bxb3 Nxb3 30. Rd3 Nc5 31. Rd2 Kb5 32. Rd8 Bf6 33. Rf8 Kc4 34. Rxf7 Bxb2 35. Rh7 h5 36. Rh6 e5 37. Rxg6 e4 38. Ng5 Bc1 39. Ne6 Nd3 40. Nc7 Kc3 41. Kf1 Nb2 42. Nb5+ Kd3 43. Rd6+ Kc2 44. Nd4+ Kb1 45. Rd5 e3 46. fxe3 Bxe3 47. Ke2 Bg1 48. Nf3 Ba7 49. Rxh5 Kc2 50. g4 1-0

[Event "LJ Slovak Open 2022"]
[Site "Liptovsky Jan"]
[Date "2022.06.26"]
[Round "6.40"]
[White "Mazak, Ryan"]
[Black "Zelenka, Matej"]
[Result "1-0"]
[ECO "A04"]
[WhiteElo "1575"]
[BlackElo "1400"]
[Annotator "NA RC"]
[PlyCount "117"]
[EventDate "2022.06.23"]
[EventType "swiss"]
[EventCountry "SVK"]
[SourceTitle "playchess.com"]
[Source "ChessBase"]
[SourceQuality "1"]
[TimeControl "3600+30"]

1. Nf3 d6 2. g3 c5 3. Bg2 e6 4. b3 Nf6 5. Bb2 Be7 6. d3 O-O 7. Nbd2 Nc6 8. e4 Qc7 9. O-O Bd7 10. Ne1 b5 11. f4 e5 12. Nef3 Nd4 13. Nxd4 cxd4 14. Rc1 b4 15. Nc4 a5 16. h3 g6 17. Qd2 Kg7 18. Rf2 Ng8 19. a3 Rab8 20. Rcf1 f5 21. Qe2 Kh8 22. exf5 bxa3 23. Bxa3 exf4 24. Rxf4 Rxf5 25. Rxf5 Bxf5 26. Qf2 Qa7 27. Nxd6 Bg5 28. Nxf5 gxf5 29. Qxf5 Be3+ 30. Kh2 Bh6 31. Bc5 Qg7 32. Be4 Rd8 33. Bb6 Rd6 34. Qc5 Rd7 35. Bf5 Rf7 36. Qxd4 Nf6 37. Bd8 Bd2 38. Bxf6 Qxf6 39. Qxf6+ Rxf6 40. Kg2 Kg7 41. g4 Rc6 42. c4 Rb6 43. Rb1 a4 44. c5 Rb5 45. d4 a3 46. c6 Bf4 47. b4 Bd6 48. Be6 Kf6 49. Bc4 Rb6 50. b5 Ke7 51. Rf1 Ke8 52. Rf6 Ke7 53. Rf7+ Ke8 54. Rxh7 Be7 55. c7 Kd7 56. Rxe7+ Kc8 57. Be6+ Rxe6 58. Rxe6 a2 59. Ra6 1-0

[Event "LJ Slovak Open 2022"]
[Site "Liptovsky Jan"]
[Date "2022.06.26"]
[Round "6.41"]
[White "Vojtko, Imrich"]
[Black "Mikula, Maciej"]
[Result "1/2-1/2"]
[ECO "D00"]
[WhiteElo "1382"]
[BlackElo "1567"]
[Annotator "NA RC"]
[PlyCount "91"]
[EventDate "2022.06.23"]
[EventType "swiss"]
[EventCountry "SVK"]
[SourceTitle "playchess.com"]
[Source "ChessBase"]
[SourceQuality "1"]
[TimeControl "3600+30"]

1. g3 d5 2. d4 Nc6 3. Bg2 Bg4 4. Bf3 h5 5. Bf4 e6 6. c3 Bd6 7. e3 Bxf3 8. Qxf3 Bxf4 9. Qxf4 g5 10. Qf3 f5 11. Nd2 Nf6 12. h4 g4 13. Qe2 Qd7 14. O-O-O a6 15. Nb3 Ne4 16. Nd2 Nxd2 17. Qxd2 b5 18. Kb1 a5 19. Ne2 Kf7 20. Nc1 b4 21. Nd3 Rhb8 22. cxb4 axb4 23. Rc1 Ke8 24. Rc5 b3 25. a3 Nd8 26. Rhc1 Ra7 27. Ra5 Rba8 28. Rxa7 Rxa7 29. Qc3 Qb5 30. Re1 Nb7 31. Kc1 Na5 32. Ne5 Nc4 33. Nxc4 Qxc4 34. Qxc4 dxc4 35. Kd2 Kd7 36. Kc3 Ra4 37. e4 Ra8 38. exf5 exf5 39. Re5 Rf8 40. Kxc4 f4 41. Rxh5 fxg3 42. fxg3 Rf3 43. Rh7+ Kd6 44. h5 Rxg3 45. h6 Rh3 46. Rg7 1/2-1/2

[Event "LJ Slovak Open 2022"]
[Site "Liptovsky Jan"]
[Date "2022.06.26"]
[Round "6.42"]
[White "Bohacek, Ludovit"]
[Black "Nedoba, Jakub"]
[Result "1-0"]
[ECO "B10"]
[WhiteElo "1594"]
[BlackElo "1158"]
[Annotator "NA RC"]
[PlyCount "57"]
[EventDate "2022.06.23"]
[EventType "swiss"]
[EventCountry "SVK"]
[SourceTitle "playchess.com"]
[Source "ChessBase"]
[SourceQuality "1"]
[TimeControl "3600+30"]

1. e4 c6 2. c4 d5 3. cxd5 cxd5 4. Bb5+ Bd7 5. Bxd7+ Qxd7 6. e5 Nc6 7. d4 e6 8. Ne2 Nge7 9. Ng3 Ng6 10. O-O Be7 11. Nc3 O-O 12. f4 f5 13. Be3 a6 14. Rc1 Qd8 15. Na4 Rc8 16. Nc5 Bxc5 17. Rxc5 b6 18. Rc1 a5 19. Qa4 b5 20. Qxb5 Na7 21. Qa6 Rf7 22. Qxe6 Nf8 23. Qa6 Ra8 24. Qd3 Ne6 25. Nxf5 g6 26. Nd6 Rg7 27. Qb3 g5 28. Qxd5 gxf4 29. Qxe6+ 1-0

[Event "LJ Slovak Open 2022"]
[Site "Liptovsky Jan"]
[Date "2022.06.26"]
[Round "6.43"]
[White "Polacok, Jozef"]
[Black "Dicer, Juraj"]
[Result "1-0"]
[ECO "B22"]
[WhiteElo "1386"]
[BlackElo "1562"]
[Annotator "NA RC"]
[PlyCount "99"]
[EventDate "2022.06.23"]
[EventType "swiss"]
[EventCountry "SVK"]
[SourceTitle "playchess.com"]
[Source "ChessBase"]
[SourceQuality "1"]
[TimeControl "3600+30"]

1. e4 c5 2. c3 Nc6 3. d4 cxd4 4. cxd4 d6 5. Nf3 Bg4 6. Be2 g6 7. O-O Bg7 8. Be3 Nf6 9. Nc3 O-O 10. Qd2 Rc8 11. Rac1 Re8 12. h3 Bd7 13. a3 Qa5 14. Bd3 a6 15. Bh6 Bh8 16. Be3 e6 17. Ra1 Qc7 18. b4 Na7 19. Rfc1 Qb8 20. Ra2 Rc7 21. Rac2 Rec8 22. Kh1 b5 23. Kg1 Qb7 24. e5 dxe5 25. dxe5 Nd5 26. Be4 Bc6 27. Bxa7 Qxa7 28. Nxd5 Bxd5 29. Rxc7 Rxc7 30. Rxc7 Qxc7 31. Bxd5 exd5 32. Qxd5 h6 33. e6 Qc1+ 34. Kh2 Qc7+ 35. Kh1 Qc1+ 36. Ng1 Qc7 37. Qa8+ Kh7 38. Qxa6 fxe6 39. Qxe6 Qc1 40. Qd7+ Bg7 41. Qxb5 Qxa3 42. Qb7 h5 43. b5 Qa1 44. b6 Kh6 45. Qa7 Qb1 46. b7 Be5 47. Qe3+ Kh7 48. Qxe5 Qxb7 49. Nf3 Qb1+ 50. Kh2 1-0

[Event "LJ Slovak Open 2022"]
[Site "Liptovsky Jan"]
[Date "2022.06.26"]
[Round "6.44"]
[White "Carnecky, Viliam"]
[Black "Skutil, Frantisek Elias"]
[Result "1-0"]
[ECO "B22"]
[WhiteElo "1380"]
[BlackElo "1552"]
[Annotator "NA RC"]
[PlyCount "151"]
[EventDate "2022.06.23"]
[EventType "swiss"]
[EventCountry "SVK"]
[SourceTitle "playchess.com"]
[Source "ChessBase"]
[SourceQuality "1"]
[TimeControl "3600+30"]

1. e4 c5 2. c3 d5 3. exd5 Qxd5 4. Nf3 Nc6 5. Na3 a6 6. Bc4 Qe4+ 7. Be2 Nf6 8. O-O e6 9. Re1 Qd5 10. Nc2 Be7 11. d4 cxd4 12. Ncxd4 Nxd4 13. Qxd4 Qxd4 14. Nxd4 O-O 15. Bf3 Rd8 16. Bf4 Bd6 17. Bxd6 Rxd6 18. Rad1 Bd7 19. Nb3 Rxd1 20. Rxd1 Rb8 21. Nc5 Bc6 22. Bxc6 bxc6 23. Nxa6 Ra8 24. Nb4 c5 25. Nc6 Nd5 26. c4 Nb6 27. b3 Kf8 28. Rd8+ Rxd8 29. Nxd8 Ke7 30. Nb7 Nd7 31. a4 Kf6 32. a5 Ke5 33. a6 Kd4 34. a7 Nb6 35. Kf1 Kc3 36. Nxc5 Kb4 37. Na6+ Kxb3 38. Nc7 Kxc4 39. a8=Q Nxa8 40. Nxa8 Kb5 41. Nc7+ Kc6 42. Ne8 g6 43. Ke2 h5 44. Ke3 Kd5 45. Kf4 e5+ 46. Kg5 Ke6 47. Nc7+ Ke7 48. Nd5+ Ke6 49. Nb6 Ke7 50. Kh4 Kf6 51. Kg3 g5 52. Kf3 Kf5 53. Ke3 Ke6 54. h3 f5 55. g4 hxg4 56. hxg4 e4 57. gxf5+ Kxf5 58. Nd5 g4 59. Nc3 Ke5 60. Nxe4 Kf5 61. Ng3+ Ke5 62. Nh5 Kf5 63. Ng7+ Ke5 64. Nh5 Kf5 65. Ng3+ Ke5 66. Nf1 Kf5 67. Nh2 Kg5 68. Ke4 Kh4 69. Nxg4 Kxg4 70. f4 Kh5 71. Kf5 Kh6 72. Kf6 Kh7 73. Kf7 Kh8 74. f5 Kh7 75. f6 Kh8 76. Ke7 1-0

[Event "LJ Slovak Open 2022"]
[Site "Liptovsky Jan"]
[Date "2022.06.26"]
[Round "6.45"]
[White "Pavlov Jakub"]
[Black "Gay, Lukas"]
[Result "0-1"]
[ECO "B01"]
[WhiteElo "1000"]
[BlackElo "1480"]
[Annotator "NA RC"]
[PlyCount "76"]
[EventDate "2022.06.23"]
[EventType "swiss"]
[EventCountry "SVK"]
[SourceTitle "playchess.com"]
[Source "ChessBase"]
[SourceQuality "1"]
[TimeControl "3600+30"]

1. e4 d5 2. exd5 Nf6 3. Nf3 Nxd5 4. d4 e6 5. Bc4 Nc6 6. O-O Be7 7. Re1 O-O 8. a3 b6 9. Qe2 Bf6 10. c3 Bb7 11. b4 Re8 12. a4 a5 13. Bb5 axb4 14. c4 Nxd4 15. Nxd4 Bxd4 16. cxd5 Bxa1 17. Bxe8 Qxe8 18. dxe6 fxe6 19. Qxe6+ Qxe6 20. Rxe6 Rd8 21. Re1 Bc3 22. Nxc3 bxc3 23. f3 c2 24. Kf2 Bc6 25. Re7 Rd7 26. Rxd7 Bxd7 27. a5 bxa5 28. Ke3 Kf7 29. h4 Ke6 30. Kf4 Kd5 31. Ke3 Kc4 32. g4 Kb3 33. Kd3 c5 34. h5 c4+ 35. Kd2 c3+ 36. Kd3 a4 37. g5 Bf5+ 38. Kd4 a3 0-1

[Event "LJ Slovak Open 2022"]
[Site "Liptovsky Jan"]
[Date "2022.06.26"]
[Round "6.46"]
[White "Veres Alex"]
[Black "Janouskova, Adela"]
[Result "0-1"]
[ECO "B33"]
[WhiteElo "1000"]
[BlackElo "1498"]
[Annotator "NA RC"]
[PlyCount "37"]
[EventDate "2022.06.23"]
[EventType "swiss"]
[EventCountry "SVK"]
[SourceTitle "playchess.com"]
[Source "ChessBase"]
[SourceQuality "1"]
[TimeControl "3600+30"]

1. e4 c5 2. Nf3 Nc6 3. d4 cxd4 4. Nxd4 Nf6 5. Nc3 e5 6. Nf3 Bb4 7. Bd2 d6 8. Bc4 O-O 9. O-O Bxc3 10. Bxc3 Nxe4 11. Qd3 Nxc3 12. bxc3 Qf6 13. Qe4 Bf5 14. Qh4 Qxh4 15. Nxh4 Be4 16. Rac1 d5 17. Bb3 Rad8 18. Nf5 g5 19. Rfe1 0-1